 Dungeon Crawl Stone Soup version 0.19-a0-1025-g778f431 (webtiles) character file.

14490 4thArraOfDagon the Cleaver (level 11, -15/97 HPs)
             Began as a Minotaur Berserker on July 28, 2016.
             Was a Priest of Trog.
             Demolished by a giant leech (26 damage)
             ... on level 6 of the Lair of Beasts.
             The game lasted 00:18:16 (2933 turns).

4thArraOfDagon the Cleaver (Minotaur Berserker)     Turns: 2933, Time: 00:18:17

Health: -15/97     AC:  9    Str: 25    XL:     11   Next: 89%
Magic:  10/10      EV: 21    Int:  4    God:    Trog [***...]
Gold:   671        SH:  0    Dex: 10    Spells: 0 memorised, 10 levels left

rFire  . . .     SeeInvis .     a - +0 hand axe
rCold  + . .     Gourm    .     J - +1 troll leather armour of the Pink Corner {+Fly rC+ rN+ Regen+}
rNeg   + + .     Faith    .     (no shield)
rPois  .         Spirit   .     (helmet restricted)
rElec  .         Dismiss  .     (no cloak)
rCorr  .         Reflect  .     E - +1 pair of gloves
SustAt .         Harm     .     (no boots)
MR     +....                    h - amulet of regeneration
Stlth  ++........               x - +5 ring of evasion
                                M - ring of Capleut {+Fly rN+ MR+ Stlth+}

@: lethally poisoned (-15 -> -15), slowed, very slow, somewhat resistant to
hostile enchantments, unstealthy
A: retaliatory headbutt, horns 2, blurry vision 1
a: Berserk, Trog's Hand, Burn Spellbooks, Renounce Religion, Evoke Flight


You were on level 6 of the Lair of Beasts.
You worshipped Trog.
Trog was most pleased with you.
You were not hungry.

You visited 2 branches of the dungeon, and saw 15 of its levels.
You also visited: Labyrinth.

You collected 671 gold pieces.

Inventory:

Hand Weapons
 a - a +0 hand axe (weapon)
 O - the +6 mace "Yteliequ" {crush, *Contam rPois rF++ Stlth+}
   (You found it in a labyrinth)

   It inflicts extra damage upon your enemies.
   It greatly protects you from fire.
   It protects you from poison.
   It causes magical contamination when unequipped.
   It makes you more stealthy.
Armour
 b - a +0 animal skin
 k - a +0 ring mail
 l - a +0 pair of gloves
 m - a +0 scale mail
 s - a +0 plate armour
 t - the +1 scale mail "Puolisetwa" {rPois MR- rCorr Int+5}
   (You found it in a labyrinth)

   It affects your intelligence (+5).
   It protects you from poison.
   It affects your resistance to hostile enchantments.
   It protects you from acid and corrosion.
 u - a +1 pair of gloves
 E - a +1 pair of gloves (worn)
 J - the +1 troll leather armour of the Pink Corner (worn) {+Fly rC+ rN+ Regen+}
   (You found it in a labyrinth)

   It protects you from cold.
   It protects you from negative energy.
   It lets you fly.
   It increases your rate of regeneration.
Rods
 K - a +0 rod of clouds (12/12)
   (You found it in a labyrinth)
Jewellery
 h - an amulet of regeneration (around neck)
 v - an uncursed ring of flight
 x - a +5 ring of evasion (right hand)
 G - an uncursed ring of resist corrosion
 L - an uncursed ring of protection from cold
 M - the ring of Capleut (left hand) {+Fly rN+ MR+ Stlth+}
   (You found it in a labyrinth)

   [ring of flight]

   It protects you from negative energy.
   It affects your resistance to hostile enchantments.
   It lets you fly.
   It makes you more stealthy.
 T - an uncursed ring of wizardry
Wands
 n - a wand of lightning (0/15)
 F - a wand of teleportation (5/9)
 N - a wand of random effects (13/48)
Scrolls
 d - 5 scrolls of remove curse
 e - a scroll of blinking
 o - a scroll of recharging
 p - a scroll of noise
 H - a scroll of identify
Potions
 f - a potion of agility {unknown}
 g - a potion of flight {unknown}
 i - 2 potions of might {unknown}
 q - 2 potions of curing
 r - a potion of degeneration {unknown}
 A - a potion of magic {unknown}
 B - a potion of berserk rage {unknown}
 C - a potion of lignification {unknown}
 I - a potion of haste {unknown}
 P - 2 potions of mutation {unknown}
Books
 j - a book of Beasts

   Spells                             Type                      Level
   a - Summon Butterflies             Summoning                    1
   b - Call Canine Familiar           Summoning                    3
   c - Summon Ice Beast               Ice/Summoning                4
   d - Summon Mana Viper              Hexes/Summoning              5
   e - Summon Hydra                   Summoning                    7
   Trog disapproves of the use of such an item.
 w - a book of Burglary

   Spells                             Type                      Level
   a - Swiftness                      Charms/Air                   2
   b - Passwall                       Transmutation/Earth          2
   c - Passage of Golubria            Translocation                4
   d - Lee's Rapid Deconstruction     Earth                        5
   e - Darkness                       Hexes                        6
   f - Invisibility                   Hexes                        6
   Trog disapproves of the use of such an item.
 y - a book of Summonings

   Spells                             Type                      Level
   a - Recall                         Summoning/Translocation      3
   b - Aura of Abjuration             Summoning                    5
   c - Summon Demon                   Summoning                    5
   d - Summon Forest                  Summoning/Translocation      5
   e - Summon Mana Viper              Hexes/Summoning              5
   f - Shadow Creatures               Summoning                    6
   Trog disapproves of the use of such an item.
 Q - a book of Minor Magic

   Spells                             Type                      Level
   a - Magic Dart                     Conjuration                  1
   b - Blink                          Translocation                2
   c - Call Imp                       Summoning                    2
   d - Repel Missiles                 Charms/Air                   2
   e - Slow                           Hexes                        2
   f - Conjure Flame                  Conjuration/Fire             3
   g - Mephitic Cloud                 Conjuration/Poison/Air       3
   Trog disapproves of the use of such an item.
 R - an Akashic Record

   Spells                             Type                      Level
   a - Dispersal                      Translocation                6
   b - Malign Gateway                 Summoning/Translocation      7
   c - Disjunction                    Translocation                8
   d - Controlled Blink               Translocation                8
   Trog disapproves of the use of such an item.
Miscellaneous
 D - a phantom mirror
 S - a sack of spiders
Comestibles
 c - 3 chunks of flesh
 z - 4 meat rations


   Skills:
 - Level 9.5 Fighting
 * Level 14.4 Axes
 + Level 12.2 Armour
 + Level 9.0 Dodging
 - Level 1.3 Stealth
 - Level 0.6 Evocations


You had 10 spell levels left.
You didn't know any spells.

Dungeon Overview and Level Annotations

Branches:
Dungeon (9/15)               Lair (6/6) D:9
 Temple: D:4-7        Swamp: Lair:2-4    Shoals: Lair:2-4     Snake: Lair:2-4
 Spider: Lair:2-4     Slime: Lair:5-6       Orc: D:9-12

Altars:
Ashenzari
Fedhas
The Shining One

Annotations:
D:6 Eustachio
Lair:3 Sonja


Innate Abilities, Weirdness & Mutations

You reflexively headbutt those who attack you in melee.
You have a pair of horns on your head.
Scrolls take you a little longer to read.


Message History

Unknown command.
Some of the chunks of flesh in your inventory have rotted away.
You see here a wasp corpse.
Unknown command.
Unknown command.
Unknown command.
A torpor snail comes into view.
You feel sick.
Being near the torpor snail leaves you feeling lethargic.
The giant leech bites you!!
* * * LOW HITPOINT WARNING * * *
Unknown command.
Unknown command.
Unknown command.
You feel sick.
Unknown command.
Unknown command.
Okay, then.
The giant leech bites you!!
You die...

##P†.PP.# ##..#..####
##.#††P.## #..#######.
##.#..†### #...# ##..
..##.#...#.# ##..##
#... ........####
##..###... ##......####
#...###.. ###.w..w#.#
##..[#'## #.##...w###
###††.## ## ###..@.###
#.##.†(#
####..#....######....##
#P....##.....#.#....##
.......#####........###
...#### #.##.P.##.# ##
######## ##


You could see 2 giant leeches and a torpor snail.

Vanquished Creatures
  A minotaur (Lab)
  An ice dragon (Lair:6)
  6 death yaks (Lair:4)
  A lindwurm (Lair:6)
  3 torpor snails (Lair:6)
  2 gargoyles (Lab)
  2 spiny frogs
  A komodo dragon (Lair:1)
  A troll (D:9)
  6 blink frogs
  2 jumping spiders (Lair:3)
  A shadow (Lab)
  2 redbacks (Lair:3)
  2 hippogriffs
  2 basilisks (D:9)
  2 water moccasins
  2 orc warriors
  9 ice beasts
  6 wasps (Lair:6)
  11 wolves
  4 centaurs
  A crocodile (Lair:4)
  4 giant frogs
  2 scorpions
  2 howler monkeys (D:7)
  A centaur zombie (D:5)
  A crimson imp (D:9)
  A hound (D:8)
  A quasit (D:8)
  3 iguanas
  2 orc wizards (D:9)
  2 worker ants
  2 adders
  4 gnolls (D:5)
  2 dart slugs
  A giant gecko (D:1)
  14 orcs
  A ball python (D:1)
  5 bats (D:1)
  3 giant cockroaches
  4 goblins (D:1)
  4 hobgoblins (D:1)
  5 jackals (D:4)
  2 kobolds (D:1)
  3 quokkas
  4 giant newts
  A fungus (Lair:1)
  A plant (Lair:6)
143 creatures vanquished.

Vanquished Creatures (others)
  3 fungi
  2 plants (Lair:6)
5 creatures vanquished.

Grand Total: 148 creatures vanquished

Notes
Turn   | Place    | Note
-------+----------+-------------------------------------------
     0 | D:1      | 4thArraOfDagon the Minotaur Berserker began the quest for the Orb.
     0 | D:1      | Reached XP level 1. HP: 19/19 MP: 0/0
    25 | D:1      | Reached XP level 2. HP: 25/27 MP: 1/1
    35 | D:1      | Reached skill level 4 in Axes
   159 | D:1      | Reached ** piety under Trog
   218 | D:2      | Reached XP level 3. HP: 22/33 MP: 2/2
   667 | D:4      | Reached XP level 4. HP: 41/41 MP: 3/3
   704 | D:5      | Entered Level 5 of the Dungeon
   772 | D:5      | Reached skill level 5 in Fighting
   772 | D:5      | Reached skill level 5 in Axes
   772 | D:5      | Reached XP level 5. HP: 42/48 MP: 4/4
   774 | D:5      | Noticed an ice beast
   775 | D:5      | You fall through a shaft!
   775 | D:6      | Noticed Eustachio
   775 | D:6      | Noticed a phantom
   825 | D:7      | Found a glowing golden altar of the Shining One.
   844 | D:7      | Noticed an ice beast
   855 | D:7      | Killed an ice beast
   855 | D:7      | Reached XP level 6. HP: 56/56 MP: 5/5
   968 | D:8      | Noticed an orc warrior
   977 | D:8      | Killed an orc warrior
   977 | D:8      | Reached skill level 5 in Dodging
   977 | D:8      | Reached XP level 7. HP: 44/63 MP: 6/6
   988 | D:8      | Reached skill level 1 in Stealth
  1105 | D:8      | Found a blossoming altar of Fedhas.
  1112 | D:8      | Reached skill level 6 in Axes
  1215 | D:9      | Reached *** piety under Trog
  1239 | D:9      | Noticed a troll
  1243 | D:9      | Noticed a basilisk
  1244 | D:9      | Reached skill level 5 in Armour
  1245 | D:9      | Noticed a basilisk
  1277 | D:9      | Killed a troll
  1277 | D:9      | Reached skill level 7 in Axes
  1277 | D:9      | Reached XP level 8. HP: 73/73 MP: 7/7
  1311 | D:9      | Noticed a blink frog
  1313 | D:9      | Noticed a blink frog
  1338 | D:9      | Killed a blink frog
  1361 | D:9      | Killed a blink frog
  1387 | D:9      | Found a staircase to the Lair.
  1444 | Lair:1   | Entered Level 1 of the Lair of Beasts
  1448 | Lair:1   | Reached XP level 9. HP: 60/80 MP: 8/8
  1475 | Lair:1   | Noticed a komodo dragon
  1482 | Lair:1   | Killed a komodo dragon
  1482 | Lair:1   | Reached skill level 8 in Axes
  1660 | Lair:1   | Noticed a spiny frog
  1690 | Lair:1   | Killed a spiny frog
  1742 | Lair:1   | Found a frozen archway.
  1755 | Lair:1   | Reached skill level 9 in Axes
  1777 | Lair:1   | :(
  1802 | Lair:2   | Reached skill level 10 in Armour
  1812 | Lair:2   | Reached XP level 10. HP: 91/91 MP: 9/9
  1915 | Lair:3   | Noticed Sonja
  2005 | Lair:3   | Noticed a spiny frog
  2012 | Lair:3   | Killed a spiny frog
  2012 | Lair:3   | Reached skill level 10 in Axes
  2105 | Lair:4   | Found a shattered altar of Ashenzari.
  2159 | Lair:4   | Found a labyrinth entrance.
  2164 | Lab      | Entered a labyrinth
  2260 | Lab      | Noticed a gargoyle
  2271 | Lab      | Killed a gargoyle
  2303 | Lab      | Got a translucent scale mail
  2314 | Lab      | Identified the cursed +1 scale mail "Puolisetwa" {rPois MR- rCorr Int+5} (You found it in a labyrinth)
  2319 | Lab      | Noticed a gargoyle
  2338 | Lab      | Killed a gargoyle
  2338 | Lab      | Reached skill level 11 in Axes
  2454 | Lab      | Noticed a minotaur
  2464 | Lab      | Killed a minotaur
  2464 | Lab      | Reached skill level 12 in Axes
  2483 | Lab      | Got a bloodstained troll leather armour
  2483 | Lab      | Got a steaming silver ring
  2485 | Lab      | Identified the ring of Capleut {+Fly rN+ MR+ Stlth+} (You found it in a labyrinth)
  2486 | Lab      | Got a blackened mace
  2487 | Lab      | Identified the +6 mace "Yteliequ" {crush, *Contam rPois rF++ Stlth+} (You found it in a labyrinth)
  2488 | Lab      | Identified a +0 rod of clouds (12/12) (You found it in a labyrinth)
  2499 | Lab      | Identified the +1 troll leather armour of the Pink Corner {+Fly rC+ rN+ Regen+} (You found it in a labyrinth)
  2526 | Lair:4   | Gained mutation: Scrolls take you a little longer to read. [mutagenic glow]
  2531 | Lair:4   | Leszczynek: that's a good TLA
  2546 | Lair:4   | Noticed a death yak
  2546 | Lair:4   | Noticed a death yak
  2546 | Lair:4   | Noticed a death yak
  2546 | Lair:4   | Noticed a death yak
  2547 | Lair:4   | Noticed a death yak
  2547 | Lair:4   | Noticed a death yak
  2553 | Lair:4   | Killed a death yak
  2554 | Lair:4   | Reached XP level 11. HP: 97/97 MP: 10/10
  2562 | Lair:4   | Killed a death yak
  2571 | Lair:4   | Killed a death yak
  2571 | Lair:4   | Reached skill level 13 in Axes
  2573 | Lair:4   | Killed a death yak
  2575 | Lair:4   | Killed a death yak
  2579 | Lair:4   | Killed a death yak
  2658 | Lair:6   | Entered Level 6 of the Lair of Beasts
  2687 | Lair:6   | Noticed an eight-headed hydra
  2716 | Lair:6   | Found a runed door.
  2766 | Lair:6   | Noticed an ice dragon
  2784 | Lair:6   | Killed an ice dragon
  2784 | Lair:6   | Reached skill level 14 in Axes
  2862 | Lair:6   | Noticed a lindwurm
  2866 | Lair:6   | Reached **** piety under Trog
  2874 | Lair:6   | Killed a lindwurm
  2907 | Lair:6   | Paralysed by a wasp for 3 turns
  2933 | Lair:6   | Demolished by a giant leech

Vault maps used:
D:1:      evilmike_arrival_hilbert_curve, lemuel_another_geyser
D:2:      old_standard_altar, hangedman_glass_teeth
D:4:      kennysheep_boxes
D:5:      first_bread
D:6:      vehumet_altar_wand_db, kennysheep_mini, lemuel_coloured_pillars_altar,
          johnstein_pakellas_dig, uniq_edmund, uniq_eustachio
D:7:      lemuel_crystal_altar, serial_shops, kennysheep_little_box, the_bakery,
          nicolae_tso_swordbearing_angel, uniq_joseph
D:8:      gammafunk_temple_overflow_elements, old_standard_altar
D:9:      dpeg_lair_monsters, hiddenorc1_lemuel
Lair:1:   portal_ice_cave_entry_ice_beasts, infiniplex_staircase_pool,
          grunt_megastairs_5, serial_bayou_shore_a, lemuel_fruit_tree
Lair:2:   beast_lair_carwin_9
Lair:3:   nicolae_spider_entry_tight_spaces, wad_woods_06, grunt_megastairs_4,
          uniq_sonja, uniq_harold
Lair:4:   minmay_swamp_entry_worms, basic_altar, lab_entry_generic,
          infiniplex_staircase_pool_2, uniq_nessos
Lair:5:   nicolae_slime_entry_slimehenge, grunt_forest_small_clearings
Lair:6:   wormcave
Lab:      labyrinth_hidden_loot, nicolae_lab_t_cross, nicolae_lab_garden,
          nicolae_lab_grate, lab_statue

Skill      XL: |  1  2  3  4  5  6  7  8  9 10 11 |
---------------+----------------------------------+-----
Axes           | 4 5 7 9 12 14 | 14.4
Fighting       | 4 5 6 7 9 |  9.5
Dodging        | 3 4 5 6 7 9 |  9.0
Armour         | 3 4 5 8 10 11 12 | 12.2
Stealth        | 1 |  1.3
Evocations     | |  0.6

Action                   |  1- 3 |  4- 6 |  7- 9 | 10-12 || total
-------------------------+-------+-------+-------+-------++-------
Melee: Hand axe          |    52 |    48 |   137 |   172 ||   409
       Headbutt          |     7 |    10 |    20 |    44 ||    81
Invok: Berserk           |     1 |     4 |     7 |     9 ||    21
       Trog's Hand       |       |     2 |     4 |     5 ||    11
Evoke: Wand              |       |       |     1 |     2 ||     3
       Rod               |       |       |       |     1 ||     1
  Use: Scroll            |       |     1 |       |     6 ||     7
       Potion            |       |       |       |     1 ||     1
 Stab: Sleeping          |       |       |       |     1 ||     1
  Eat: Chunk             |       |     5 |     7 |     4 ||    16
       Royal jelly       |       |       |     1 |       ||     1
       Fruit             |       |       |     7 |     4 ||    11
       Beef jerky        |       |       |     1 |       ||     1
       Bread ration      |       |       |       |     1 ||     1
Armor: Animal skin       |     8 |       |       |       ||     8
       Scale mail        |     9 |    20 |       |       ||    29
       Plate armour      |       |     7 |    69 |    64 ||   140
       Troll leather arm |       |       |       |    21 ||    21
Dodge: Dodged            |    37 |    37 |   129 |   233 ||   436
